 Dungeon Crawl Stone Soup version 0.29-a0-982-gaed3a0c8d8 (webtiles) character file.

Game seed: 11470628270067247108

492 MisterAzrael the Conjurer (level 6, -1/32 HPs)
             Began as a Deep Elf Conjurer on Aug 1, 2022.
             Slain by a water moccasin (7 damage)
             ... on level 5 of the Dungeon.
             The game lasted 00:06:38 (4902 turns).

MisterAzrael the Conjurer (Deep Elf Conjurer)       Turns: 4902, Time: 00:06:39

Health: -1/32      AC:  7    Str:  4    XL:     6   Next: 91%
Magic:  17/17      EV:  9    Int: 31    God:
Gold:   228        SH:  0    Dex: 13    Spells: 6/17 levels left

rFire   + . .      SeeInvis .   (no weapon)
rCold   . . .      Faith    .   (no shield)
rNeg    . . .      Spirit   .   w - +2 ring mail {rF+}
rPois   .          Reflect  .   (no helmet)
rElec   .          Harm     .   (no cloak)
rCorr   .          Rampage  .   (no gloves)
Will    .....                   (no boots)
Stlth   +.........              (no amulet)
HPRegen 0.10/turn               o - ring of wizardry
MPRegen 0.15/turn               t - +6 ring of intelligence

@: mighty, lethally poisoned (-1 -> -17)
A: no striking features
a: no special abilities


You were on level 5 of the Dungeon.
You visited 1 branch of the dungeon, and saw 5 of its levels.

You collected 228 gold pieces.

Inventory:

Armour
 a - a +0 robe
 f - a +2 robe of positive energy
 w - a +2 ring mail of fire resistance (worn)
Magical Staves
 s - a staff of poison
Jewellery
 o - a ring of wizardry (left hand)
 t - a +6 ring of intelligence (right hand)
 v - a ring of fire
Wands
 y - a wand of digging (3)
Scrolls
 c - 10 scrolls of identify {unknown}
 d - a scroll of enchant weapon {unknown}
 e - a scroll of butterflies {unknown}
 j - 4 scrolls of teleportation {unknown}
 k - a scroll of noise {unknown}
 m - a scroll of amnesia {unknown}
 n - a scroll of poison {unknown}
 p - a scroll of torment {unknown}
 q - a scroll of vulnerability {unknown}
 u - 2 scrolls of summoning {unknown}
 x - a scroll of silence {unknown}
Potions
 b - 2 potions of magic
 h - a potion of cancellation
 i - 3 potions of brilliance {unknown}
 l - a potion of curing {unknown}
 r - a potion of berserk rage {unknown}


   Skills:
 - Level 2.4 Dodging
 - Level 2.5 Stealth
 + Level 6.4 Spellcasting
 + Level 6.5 Conjurations
 * Level 4.6 Hexes


You had 6 spell levels left.
You knew the following spells:

 Your Spells              Type           Power      Damage    Failure   Level
a - Magic Dart            Conj           100%       1d8       1%          1
b - Searing Ray           Conj           100%       2d8       1%          2
c - Dazzling Flash        Conj/Hex       88%        N/A       3%          3
d - Fulminant Prism       Conj/Hex       22%        3d13      12%         4
e - Shock                 Conj/Air       100%       1d9       3%          1

Your spell library contained the following spells:

 Spells                   Type           Power      Damage    Failure   Level
 Sting                    Tmut/Pois      40%        1d5       12%         1
 Poisonous Vapours        Pois/Air       20%        N/A       17%         2
 Iskenderun's Mystic Bla  Conj/Tloc      30%        2d8       28%         4
 Swiftness                Air            10%        N/A       32%         3
 Airstrike                Air            5%         0-3+      71%         4
 Olgreb's Toxic Radiance  Pois           10%        N/A       71%         4


Dungeon Overview and Level Annotations

Branches:
Dungeon (5/15)
 Temple: D:4-7

Altars:
Fedhas

Annotations:
D:2 1 runed translucent door, Crazy Yiuf


Message History

Press: ? - help, Q - select action, (/) - cycle Shift-Dir - straight line, f/p - jelly
Aim: a jelly (severely wounded, 100% to hit)
The magic dart hits the jelly!
You kill the jelly!
Found 3 scrolls labelled EXUKKE KAVAAM.
You pick up a Young Poisoner's Handbook and begin reading...
You add the spells Sting, Poisonous Vapours and Olgreb's Toxic Radiance to your library.
Memorise Shock, consuming 1 spell level and leaving 6?
You start memorising the spell.
You continue memorising.
You finish memorising.
Spell assigned to 'e'.
Magic restored.
Found 9 stones.
c - 10 scrolls labelled EXUKKE KAVAAM (gained 3)
You now have 228 gold pieces (gained 10).
Found an escape hatch in the floor.
y - a wand of digging (3)
A water moccasin comes into view.
The water moccasin hisses angrily.
You miscast Shock.
You are very lightly contaminated with residual magic.
Nothing appears to happen.
The water moccasin bites you.
You are poisoned.
The water moccasin poisons you!
You feel very sick. The water moccasin barely misses you.
You feel very sick.
You feel sick. The water moccasin bites you!
You are lethally poisoned!
The water moccasin poisons you!
It was a potion of cancellation.
You feel magically purged.
Your magical contamination has completely faded away.
You feel very sick. The water moccasin barely misses you.
It was a potion of might.
You feel very mighty all of a sudden.
* * * LOW HITPOINT WARNING * * *
You feel very sick. The water moccasin bites you!
You die...

...# ######.........#
##.####..........#.. ..
.............###.#.#..$
#...###.########.#.#.###
........# #.........
#...###########..#.#....
#..... .........>..#.##.
.......########..###.##
..#.##.# #.@##...#.
..#.##.# ###.S#......
.....# ## #.......$...
..#..#........#..#......
..#...#########..##...#.
##................##.##
..# ..# ######...# ##
#.# #.########.?.#
#.####<............


You could see a water moccasin.

Vanquished Creatures
  Grinder (D:4)
  A jelly (D:5)
  An iguana (D:3)
  Terence (D:2)
  6 gnolls
  6 adders
  2 dart slugs
  4 orcs
  4 bats
  6 endoplasms
  3 giant cockroaches (D:4)
  9 goblins
  10 hobgoblins
  8 jackals
  4 kobolds
  4 quokkas
  12 ball pythons
  3 frilled lizards
  4 rats
89 creatures vanquished.

Notes
Turn   | Place    | Note
-------+----------+-------------------------------------------
     0 | D:1      | MisterAzrael the Deep Elf Conjurer began the quest for the
                  | Orb.
     0 | D:1      | Reached XP level 1. HP: 10/10 MP: 6/6
   236 | D:1      | Reached XP level 2. HP: 15/15 MP: 6/8
   401 | D:1      | You fall into a shaft and drop 1 floor!
   492 | D:2      | Learned a level 2 spell: Searing Ray
   587 | D:2      | Reached skill level 5 in Conjurations
   587 | D:2      | Reached XP level 3. HP: 8/19 MP: 0/10
   988 | D:2      | Reached XP level 4. HP: 24/24 MP: 9/12
  1252 | D:2      | Learned a level 3 spell: Dazzling Flash
  1432 | D:2      | Noticed Terence
  1441 | D:2      | Killed Terence
  1442 | D:2      | Reached skill level 5 in Spellcasting
  1814 | D:2      | Found a runed translucent door.
  1815 | D:2      | Noticed Crazy Yiuf
  2496 | D:1      | Reached XP level 5. HP: 28/28 MP: 11/14
  2639 | D:1      | Learned a level 4 spell: Fulminant Prism
  2951 | D:3      | Reached skill level 1 in Hexes
  3891 | D:4      | Found a blossoming altar of Fedhas.
  3966 | D:4      | Noticed Grinder
  3991 | D:4      | Killed Grinder
  3992 | D:4      | Reached XP level 6. HP: 25/32 MP: 7/17
  4791 | D:5      | Entered Level 5 of the Dungeon
  4836 | D:5      | Learned a level 1 spell: Shock
  4895 | D:5      | Noticed a water moccasin
  4902 | D:5      | Slain by a water moccasin

Illustrated notes

Levels and vault maps discovered:
D:1:      minmay_arrival_three_doors, layout_loops_corners,
          minmay_misc_feat_cross
D:2:      layout_loops_ring, nicolae_figureground_sparkle, uniq_terence,
          uniq_crazy_yiuf_cottage
D:3:      layout_loops_ring
D:4:      layout_loops_ring, lemuel_round_altar, uniq_grinder
D:5:      minmay_chambers_of_threes, layout_loops_ring

Skill      XL: |  1  2  3  4  5 |
---------------+----------------+-----
Spellcasting   | 4 5 6 |  6.4
Conjurations   | 5 6 |  6.5
Hexes          | 4 |  4.6
Dodging        | |  2.4
Stealth        | |  2.5

Action                   |  1- 3 |  4- 6 || total
-------------------------+-------+-------++-------
 Cast: Magic Dart        |    44 |   108 ||   152
       Searing Ray       |     2 |     9 ||    11
       Dazzling Flash    |       |     2 ||     2
  Use: Potion            |       |     2 ||     2
Armor: Robe              |       |     2 ||     2
Dodge: Dodged            |    14 |    13 ||    27

Table legend: (Time is in decaauts)
 A = Elapsed time spent in this place.
 B = Non-inter-level travel time spent in this place.
 C = Inter-level travel time spent in this place.
 D = Time resting spent in this place.
 E = Time spent auto-exploring this place.
 F = Levels seen in this place.
 G = Mean time per level.
                   A        B        C        D        E       F      G
               +--------+--------+--------+--------+--------+-----+--------+
         Total |   4900 |   4754 |    146 |    578 |   3649 |   5 |  980.0 |
       Dungeon |   4900 |   4754 |    146 |    578 |   3649 |   5 |  980.0 |
               +--------+--------+--------+--------+--------+-----+--------+

Top non-repeatable levels by time:
     D:2: 1604 daAuts
     D:1: 1154 daAuts
     D:4: 1055 daAuts
     D:3: 975 daAuts
     D:5: 109 daAuts
